 Dungeon Crawl Stone Soup version 0.30-a0-996-ga6910c8ee8 (webtiles) character file.

Game seed: 3902238408925885343

103 Newt the Shooter (level 5, -3/35 HPs)
             Began as a Kobold Hunter on Apr 4, 2023.
             Slain by Natasha (6 damage)
             ... on level 2 of the Dungeon.
             The game lasted 00:01:09 (870 turns).

Newt the Shooter (Kobold Hunter)                     Turns: 870, Time: 00:01:10

Health: -3/35      AC:  3    Str:  8    XL:     5   Next: 6%
Magic:  5/5        EV: 14    Int: 11    God:
Gold:   62         SH:  0    Dex: 20    Spells: 4/4 levels left

rFire   . . .      SeeInvis .    a - +0 shortbow
rCold   + . .      Faith    .    (shield currently unavailable)
rNeg    . . .      Spirit   .    c - +0 leather armour
rPois   +          Reflect  .    (no helmet)
rElec   .          Rampage  .    (no cloak)
rCorr   .                        (no gloves)
Will    .....                    (no boots)
Stlth   +++                      (no amulet)
HPRegen 0.25/turn                m - ring of protection from cold
MPRegen 0.09/turn                r - ring of poison resistance

@: brilliant
A: small, no large weapons, nightstalker 3
a: no special abilities


You were on level 2 of the Dungeon.
You visited 1 branch of the dungeon, and saw 2 of its levels.

You collected 62 gold pieces.

Inventory:

Hand Weapons
 a - a +0 shortbow (weapon)
Armour
 c - a +0 leather armour (worn)
Jewellery
 m - a ring of protection from cold (left hand)
 r - a ring of poison resistance (right hand)
Scrolls
 b - a scroll of immolation
 d - 2 scrolls of teleportation {unknown}
 e - 2 scrolls of butterflies {unknown}
 f - a scroll of magic mapping {unknown}
 i - a scroll of acquirement {unknown}
 k - a scroll of amnesia {unknown}
 n - a scroll of identify {unknown}
 o - a scroll of enchant armour {unknown}
Potions
 j - a potion of might {unknown}
 l - a potion of curing {unknown}
 p - a potion of magic {unknown}
 q - a potion of attraction {unknown}
 s - a potion of berserk rage {unknown}


   Skills:
 - Level 5.0 Fighting
 + Level 5.7 Ranged Weapons
 - Level 2.4 Dodging
 - Level 1.3 Stealth


You had 4 spell levels left.
You didn't know any spells.
Your spell library was empty.

Dungeon Overview and Level Annotations

Branches:
Dungeon (2/15)

Altars:

Annotations:
D:2 Natasha


Innate Abilities, Weirdness & Mutations

You are small and have problems with some larger weapons.
You are completely attuned to the shadows.


Message History

Fire: a) +0 shortbow
Press: ? - help, Shift-Dir - straight line, f/p - Natasha
Aim: Natasha (60% to hit)
You shoot an arrow. The arrow closely misses Natasha.
Natasha mumbles some strange words.
Unknown command.
Fire: a) +0 shortbow
Press: ? - help, Shift-Dir - straight line, f/p - Natasha
Aim: Natasha (60% to hit)
You shoot an arrow. The arrow closely misses Natasha.
Natasha mumbles some strange words.
You feel troubled. Natasha claws you. The crimson imp hits you.
Fire: a) +0 shortbow
Press: ? - help, Shift-Dir - straight line, f/p - Natasha
Aim: Natasha (60% to hit)
You shoot an arrow. The arrow closely misses Natasha.
Natasha claws you.
* * * LOW HITPOINT WARNING * * *
The crimson imp closely misses you.
Unknown command.
Fire: a) +0 shortbow
Press: ? - help, Shift-Dir - straight line, f/p - Natasha
Aim: Natasha (60% to hit)
You shoot an arrow. The arrow hits Natasha!
Natasha is severely wounded.
Natasha casts a spell.
The crimson imp hits you but does no damage.
Okay, then.
Fire: a) +0 shortbow
Press: ? - help, Shift-Dir - straight line, f/p - Natasha
Aim: Natasha (severely wounded, 60% to hit)
You shoot an arrow. The arrow closely misses Natasha.
Natasha casts a spell at you. The magic dart hits you!
* * * LOW HITPOINT WARNING * * *
The crimson imp misses you. Natasha misses you.
It was a potion of brilliance.
You feel clever all of a sudden. Natasha claws you.
You die...

........# ##..###.
........# #....##)
......... #....##.
......... .#....##.
#...........) .(.#.#..#.
#............ ........#.
#)............ ...#.#....
#......)..(..............
#.......@h...............
#.......55...............
##.......................
#.†..........[...........
#...........#....###.....
#...####....####..##.....
#... #....# ###.###.##.
.. ♣....♣ #....##....
♣♣...♣ #.......#..


You could see Natasha and 2 crimson imps.

Vanquished Creatures
  Terence (D:2)
  Natasha (D:2)
  An adder (D:2)
  A worm (D:2)
  2 dart slugs (D:1)
  2 ball pythons
  2 bats (D:1)
  2 endoplasms
  2 giant cockroaches
  2 goblins (D:2)
  5 hobgoblins
  3 jackals (D:1)
  A quokka (D:1)
  2 frilled lizards (D:1)
  4 kobolds
  4 rats
35 creatures vanquished.

Notes
Turn   | Place    | Note
-------+----------+-------------------------------------------
     0 | D:1      | Newt the Kobold Hunter began the quest for the Orb.
     0 | D:1      | Reached XP level 1. HP: 12/12 MP: 1/1
    58 | D:1      | Reached XP level 2. HP: 8/18 MP: 2/2
   265 | D:1      | Reached XP level 3. HP: 23/23 MP: 3/3
   441 | D:1      | Found a faded altar of an unknown god.
   789 | D:2      | Reached XP level 4. HP: 30/30 MP: 4/4
   801 | D:2      | Noticed Natasha
   803 | D:2      | Noticed Terence
   804 | D:2      | Killed Natasha
   816 | D:2      | Killed Terence
   817 | D:2      | Reached skill level 5 in Fighting
   817 | D:2      | Reached XP level 5. HP: 9/35 MP: 5/5
   862 | D:2      | Noticed Natasha
   870 | D:2      | Slain by Natasha

Illustrated notes

Levels and vault maps discovered:
D:1:      roderic_crossed_star, layout_rooms,
          shapermc_ecumenical_altar_totnotflames
D:2:      layout_rooms, uniq_natasha, uniq_terence, uniq_crazy_yiuf_cottage

Skill      XL: |  1  2  3  4 |
---------------+-------------+-----
Fighting       | 3 4 5 |  5.0
Ranged Weapons | |  5.7
Dodging        | |  2.4
Stealth        | |  1.3

Action                     |  1- 3 |  4- 6 || total
---------------------------+-------+-------++-------
   Fire: Shortbow          |    63 |    23 ||    86
    Use: Scroll            |     1 |     1 ||     2
         Potion            |       |     1 ||     1
 Armour: Leather armour    |    12 |     3 ||    15
  Dodge: Dodged            |    19 |     7 ||    26

Table legend: (Time is in decaauts)
 A = Elapsed time spent in this place.
 B = Non-inter-level travel time spent in this place.
 C = Inter-level travel time spent in this place.
 D = Time resting spent in this place.
 E = Time spent auto-exploring this place.
 F = Levels seen in this place.
 G = Mean time per level.
                   A        B        C        D        E       F      G
               +--------+--------+--------+--------+--------+-----+--------+
         Total |    894 |    885 |      9 |    109 |    604 |   2 |  447.0 |
       Dungeon |    894 |    885 |      9 |    109 |    604 |   2 |  447.0 |
               +--------+--------+--------+--------+--------+-----+--------+

Top non-repeatable levels by time:
     D:1: 561 daAuts
     D:2: 332 daAuts
